 Dungeon Crawl Stone Soup version 0.29-a0-380-gf50f0a9fbc (webtiles) character file.

Game seed: 4838136902238526121

7 ryw the Sneak (level 2, -2/19 HPs)
             Began as an Octopode Brigand on May 6, 2022.
             Slain by a goblin
             ... wielding a +0 club
              (5 damage)
             ... on level 1 of the Dungeon.
             The game lasted 00:00:45 (133 turns).

ryw the Sneak (Octopode Brigand)                     Turns: 133, Time: 00:00:46

Health: -2/19      AC:  1    Str: 10    XL:     2   Next: 4%
Magic:  2/2        EV: 13    Int: 13    God:
Gold:   0          SH:  0    Dex: 13    Spells: 1/1 levels left

rFire   . . .      SeeInvis .   a - +2 dagger
rCold   . . .      Faith    .   (no shield)
rNeg    . . .      Spirit   .   (helmet restricted)
rPois   .          Reflect  .   (no amulet)
rElec   .          Harm     .   (no ring)
rCorr   .          Rampage  .   (no ring)
Will    .....                   (no ring)
Stlth   ++++......              (no ring)
HPRegen 0.06/turn               (no ring)
MPRegen 0.08/turn               (no ring)
                                (no ring)
                                (no ring)

@: no status effects
A: almost no armour, amphibious, 8 rings, camouflage 1, gelatinous body 1,
(nimble swimmer 1), tentacles
a: no special abilities


You were on level 1 of the Dungeon.
You visited 1 branch of the dungeon, and saw 1 of its levels.

Inventory:

Hand Weapons
 a - a +2 dagger (weapon)
Missiles
 b - 9 poisoned darts (quivered)
 c - 3 curare-tipped darts
Armour
 d - an orb of guile
Scrolls
 e - a scroll of teleportation {unknown}


   Skills:
 + Level 2.1 Fighting
 * Level 2.3 Short Blades
 - Level 2.0 Throwing
 + Level 1.2 Dodging
 - Level 5.3 Stealth


You had one spell level left.
You didn't know any spells.
Your spell library was empty.

Dungeon Overview and Level Annotations

Branches:
Dungeon (1/15)

Altars:


Innate Abilities, Weirdness & Mutations

You cannot wear most types of armour.
You are amphibious.
You can wear up to eight rings at the same time.
Your skin changes colour to match your surroundings (Stealth+).
Your rubbery body absorbs attacks. (AC +1, EV +1)
((You are camouflaged when in or above water. (Stealth+)))
You have tentacles for arms and can constrict up to eight enemies at once.


Message History

You closely miss the jackal. You grab the jackal.
You constrict the jackal, but do no damage.
The jackal completely misses you. The jackal bites you.
The jackal completely misses you. The goblin hits you but does no damage.
The jackal barely misses you.
You release your grip on the jackal.
The goblin attacks as you move away! The goblin barely misses you.
The jackal barely misses you. The jackal attacks as you move away!
The jackal closely misses you. The jackal bites you.
The jackal barely misses you. The jackal attacks as you move away!
The jackal bites you.
The jackal bites you but does no damage.
The jackal bites you. The jackal attacks as you move away!
The jackal bites you.
* * * LOW HITPOINT WARNING * * *
The jackal attacks as you move away! The jackal barely misses you.
You are too injured to fight recklessly!
You barely miss the jackal. Your grab misses the jackal.
The jackal barely misses you. x2
You hit the jackal. Your grab misses the jackal.
Your squeeze misses the jackal.
The jackal is moderately wounded.
The jackal misses you.
You closely miss the jackal. You grab the jackal.
The jackal is moderately wounded.
You constrict the jackal, but do no damage.
The jackal bites you.
* * * LOW HITPOINT WARNING * * *
You hit the jackal.
You kill the jackal!
You aren't carrying any potions.
You barely miss the jackal. You grab the jackal. You constrict the jackal.
The jackal misses you. The jackal barely misses you.
You hit the jackal but do no damage. You squeeze the jackal.
You kill the jackal!
You have reached level 2!
You hit the goblin. Your grab misses the goblin.
Your squeeze misses the goblin.
The goblin is heavily wounded.
The goblin hits you with a +0 club.
You die...

#####.)...#
..........### #.
#####.#.....###.####
# #............#
#..........#S#
#.....####...
#r....# #..#
#g###.####..######
#@###.##..........
#.......#...######
#...........#
#.###.)###### #.#
#..# #.# #.†# #.#
#..# #.# #..# #.#
#..######


You could see a goblin and a rat.

Vanquished Creatures
  An endoplasm (D:1)
  2 goblins (D:1)
  2 jackals (D:1)
  A frilled lizard (D:1)
6 creatures vanquished.

Notes
Turn   | Place    | Note
-------+----------+-------------------------------------------
     0 | D:1      | ryw the Octopode Brigand began the quest for the Orb.
     0 | D:1      | Reached XP level 1. HP: 14/14 MP: 1/1
   133 | D:1      | Reached XP level 2. HP: 3/19 MP: 2/2
   133 | D:1      | Slain by a goblin

Illustrated notes

Levels and vault maps discovered:
D:1:      mrwooster_arrival_arrow, layout_loops_ring, grunt_decor_junction

Action                   || total
-------------------------++-------
Melee: Dagger            ||    17
       Constrict         ||     5
       Tentacles         ||     4
 Stab: Sleeping          ||     1
Armor: Skin              ||     2
Dodge: Dodged            ||    19

Table legend: (Time is in decaauts)
 A = Elapsed time spent in this place.
 B = Non-inter-level travel time spent in this place.
 C = Inter-level travel time spent in this place.
 D = Time resting spent in this place.
 E = Time spent auto-exploring this place.
 F = Levels seen in this place.
 G = Mean time per level.
                   A        B        C        D        E       F      G
               +--------+--------+--------+--------+--------+-----+--------+
         Total |    131 |    131 |      0 |      0 |     79 |   1 |  131.0 |
       Dungeon |    131 |    131 |      0 |      0 |     79 |   1 |  131.0 |
               +--------+--------+--------+--------+--------+-----+--------+

Top non-repeatable levels by time:
     D:1: 131 daAuts
